[Event "*** Titled Tuesday Blitz"]
[Site "Chess.com"]
[Date "2020.03.03"]
[Round "4"]
[White "Parhamov"]
[Black "Witik"]
[Result "1-0"]
[WhiteElo "3046"]
[BlackElo "2643"]
[TimeControl "180+1"]
[EndTime "13:41:28 PST"]
[Termination "Parhamov won on time"]

1. e4 c6 2. d4 d5 3. exd5 cxd5 4. Bd3 Nc6 5. c3 Qc7 6. Nf3 Bg4 7. h3 Bh5 8. O-O e6 9. Re1 Nf6 10. Nbd2 Bd6 11. Nf1 O-O-O 12. Bg5 h6 13. Bh4 g5 14.
Bg3 g4 15. hxg4 Bxg4 16. Bh4 Be7 17. N1h2 Bh5 18. b4 Rdg8 19. Rc1 Ng4 20. Bg3 Nxh2 21.
Bxc7 Bxf3 22. Bxh2 Bxd1 23. Rcxd1 Kd7 24. a3 Bd6 25.
Bxd6 Kxd6 26. Re3 Rg5 27. Rf3 Ke7 28. Rh3 Nb8 29. f4 Rg4 30. f5 Nd7 31. fxe6 fxe6 32. Re1 Rhg8 33. Re2 Rg3 34. Bf5 Nf8 35. Rxh6 Rxc3 36.
Bxe6 Nxe6 37. Rhxe6+ Kd7 38. R6e5 Kc6 39. a4 Rc4 40.
b5+ Kb6 41. Rxd5 Rxa4 42. Kf2 Rb4 43. Re6+ Ka5 44. b6+ Ka6 45. bxa7+ Kxa7 46. Re2 Rf8+ 47. Kg3 Rb3+ 48. Kg4 Rg8+ 49. Rg5 Rxg5+ 50. Kxg5 Rd3 51.
Re4 b5 52. g4 Kb6 53. Kf5 b4 54. g5 b3 55. g6 b2 56. Re1 Rxd4 57. g7 Rd8 58.
Rb1 Kc5 59. Rxb2 1-0

[Event "*** Titled Tuesday Blitz"]
[Site "Chess.com"]
[Date "2020.03.03"]
[Round "4"]
[White "GMKrikor"]
[Black "Firouzja2003"]
[Result "0-1"]
[WhiteElo "2827"]
[BlackElo "3067"]
[TimeControl "180+1"]
[EndTime "13:41:29 PST"]
[Termination "Firouzja2003 won on time"]

1. Nf3 h5 2. e4 g6 3. d4 Bg7 4.
Nc3 d6 5. Be3 Bg4 6. h3 Bxf3 7.
Qxf3 e6 8. e5 d5 9. Bd3 a6 10. Ne2 c5 11. c3 Ne7 12. g4 Nbc6 13.
Kf1 Qb6 14. Rb1 cxd4 15. cxd4 Nb4 16. Nc1 Nec6 17. g5 Nxd4 18. Qf4 Nbc6 19. Ne2 Bxe5 20. Bxd4 Qxd4 21. Nxd4 Bxf4 22. Nxc6 bxc6 23. h4 Ke7 24. Ke2 e5 25. b4 Kd6 26. a4 Rhb8 27. Rhd1 Rb7 28.
b5 axb5 29. axb5 Rab8 30. bxc6 Rxb1 31. Rxb1 Rxb1 32. Bxb1 Kxc6 33. Ba2 Kd6 34. Bb3 e4 35. Ba2 Be5 36. Bb3 f6 37. f3 f5 38. Ba4 d4 39.
fxe4 fxe4 40. Be8 Bf4 41. Bxg6 Ke5 42. Bxh5 d3+ 43. Kd1 e3 44. Bg4 Ke4 45. Bh5 Bd6 46. Bg4 Kf4 47. Bh5 Kg3 48. g6 Kf2 49. Be2 dxe2+ 0-1

[Event "*** Titled Tuesday Blitz"]
[Site "Chess.com"]
[Date "2020.03.03"]
[Round "4"]
[White "nonscitis"]
[Black "temus_galaktionov"]
[Result "1-0"]
[WhiteElo "2592"]
[BlackElo "2740"]
[TimeControl "180+1"]
[EndTime "13:41:33 PST"]
[Termination "nonscitis won by resignation"]

1. d4 c6 2. c4 g6 3. Nc3 Bg7 4. e4 d6 5. Nf3 Nd7 6. Be2 e5 7. O-O Ngf6 8. h3 O-O 9. Re1 Qe7 10. Bf1 b6 11. Be3 Bb7 12. Rc1 Rfe8 13. b4 a5 14. a3 axb4 15. axb4 Ra3 16. d5 cxd5 17. Nxd5 Nxd5 18.
cxd5 Rc8 19. Nd2 f5 20. Rxc8+ Bxc8 21. Qc1 Ra8 22. Qc6 Rb8 23. Nc4 f4 24. Bd2 Bf8 25.
Ra1 Bb7 26. Qc7 Qd8 27. Qxd8 Rxd8 28. Ra7 Rb8 29. Na3 Kf7 30. Bb5 Ke7 31. Bc6 Bc8 32. b5 Kd8 33. Nc4 Nc5 34. Nxb6 Rxb6 35. Ba5 Na4 36. Rxh7 Be7 37. Rg7 g5 38. Kf1 Bd7 39. Ke2 Ke8 40. Bxb6 Nxb6 41. Rg8+ Kf7 42. Rb8 Bxc6 43.
bxc6 g4 44. Rxb6 f3+ 45. Kf1 fxg2+ 46. Kxg2 gxh3+ 47. Kxh3 Bd8 48. Rb7+ 1-0

[Event "*** Titled Tuesday Blitz"]
[Site "Chess.com"]
[Date "2020.03.03"]
[Round "4"]
[White "BeanScreen"]
[Black "northridgehawk"]
[Result "1-0"]
[WhiteElo "2652"]
[BlackElo "2265"]
[TimeControl "180+1"]
[EndTime "13:41:33 PST"]
[Termination "BeanScreen won by checkmate"]

1. e4 e5 2. Nf3 Nc6 3. Bc4 Nf6 4. d3 Bc5 5. c3 d6 6. Nbd2 a6 7. Bb3 Ba7 8. Nf1 h6 9. Ng3 O-O 10. O-O Be6 11. Bxe6 fxe6 12. Qb3 Qd7 13. Bd2 d5 14. Rfe1 Kh7 15. Rad1 d4 16. cxd4 exd4 17. Rc1 Ng4 18. Qc2 Qf7 19. Rf1 Bb6 20. h3 Nf6 21. Ne1 Qg6 22. Kh2 Ne5 23. f4 Nfg4+ 24. hxg4 Nxg4+ 25. Kg1 Ne3 26. Bxe3 dxe3 27. Ne2 Rad8 28. Nf3 Qg4 29. d4 Kh8 30. e5 Rf5 31. Qe4 Rh5 32. Qxe3 Rf8 33. Kf2 g5 34. Rh1 Kg7 35. Rxh5 Qxh5 36. g3 Qh3 37. Rg1 Kg6 38. fxg5 h5 39. Nf4+ Rxf4 40.
Qxf4 Qg4 41. Qxg4 hxg4 42. Nh4+ Kxg5 43. Ke3 c5 44. Rf1 cxd4+ 45. Kd3 Bc5 46. Rf6 Bb4 47. Rxe6 Be1 48. Kxd4 Bxg3 49. Ng2 Bf2+ 50. Ke4 g3 51. Re7 Bc5 52. Rxb7 Kg4 53. Rg7+ Kh3 54. Kf3 Bd4 55. Rh7# 1-0

[Event "*** Titled Tuesday Blitz"]
[Site "Chess.com"]
[Date "2020.03.03"]
[Round "4"]
[White "Msb2"]
[Black "Imre91"]
[Result "1-0"]
[WhiteElo "2877"]
[BlackElo "2743"]
[TimeControl "180+1"]
[EndTime "13:41:34 PST"]
[Termination "Msb2 won by resignation"]

1. d4 d5 2. Nf3 Nf6 3. Bf4 Bg4 4. Ne5 Bf5 5. e3 e6 6. g4 Bg6 7. h4 h6 8. Nxg6 fxg6 9. Bd3 Kf7 10. c4 dxc4 11. Bxc4 Nd5 12. Be5 Nc6 13. Qf3+ Kg8 14. Qe4 Bb4+ 15. Kf1 Nxe5 16. dxe5 Kf7 17. a3 Ba5 18. b4 Bb6 19. Rh3 Rf8 20. Ra2 c6 21. Kg2 g5 22. h5 Ke7 23. Rd2 Qe8 24. Rh1 Rd8 25. Rhd1 Qf7 26. b5 Ba5 27. bxc6 Bxd2 28. Rxd2 bxc6 29. Bd3 Rb8 30. Qd4 Qf3+ 31. Kh2 Rb7 32.
Bg6 Kd8 33. Nc3 Kc8 34. Qc5 Kb8 35. Ne4 Rb1 36. Ng3 Rb6 37. a4 Nxe3 38. Qxe3 Qxe3 39. fxe3 Rb3 40. Ne4 Rxe3 41. Nc5 Rff3 42. Rd8+ Kc7 43. Nxe6+ Kb6 44. Nd4 Rh3+ 45. Kg2 Rh4 46. Bf5 Ra3 47. a5+ Rxa5 48. e6 Re5 49. Nf3 Re3 50.
Nxh4 gxh4 51. Rd7 Re5 52. e7 h3+ 53. Kxh3 a5 54. Bg6 a4 55. e8=Q Rxe8 56. Bxe8 1-0

[Event "*** Titled Tuesday Blitz"]
[Site "Chess.com"]
[Date "2020.03.03"]
[Round "4"]
[White "Darhild"]
[Black "AnkitGajwa"]
[Result "0-1"]
[WhiteElo "2681"]
[BlackElo "2502"]
[TimeControl "180+1"]
[EndTime "13:41:34 PST"]
[Termination "AnkitGajwa won by resignation"]

1. e4 e5 2. Nf3 Nc6 3. d4 exd4 4. Nxd4 Bc5 5. Nb3 Bb6 6. Nc3 Nf6 7. Qe2 O-O 8. Bg5 h6 9. Bh4 a5 10. a4 Nd4 11.
Qd3 Nxb3 12. cxb3 c6 13. O-O-O g5 14. Bg3 d5 15. exd5 Nxd5 16. Nxd5 cxd5 17. Qxd5 Qf6 18. Bc4 Be6 19. Qd6 Bxf2 20. Bxf2 Qxf2 21. Bxe6 Qe3+ 22. Kb1 Qxe6 23. Qxe6 fxe6 24. Rd7 Rf7 25. Rhd1 Raf8 26.
Rxf7 Rxf7 27. Re1 Rf6 28. Re5 b6 29. g4 Kf7 30. Rb5 Rf2 31. Rxb6 Rxh2 32. b4 Rg2 33.
bxa5 Rxg4 34. b3 Rd4 35. a6 Rd8 36. b4 g4 37. Rb5 g3 38. Re5 Rd1+ 39. Kc2 g2 40. a7 g1=Q 41. a8=Q Rc1+ 42. Kb3 Qg3+ 43. Kb2 Qc3+ 0-1

[Event "*** Titled Tuesday Blitz"]
[Site "Chess.com"]
[Date "2020.03.03"]
[Round "4"]
[White "marianokar"]
[Black "GianmarcoVaR"]
[Result "0-1"]
[WhiteElo "2380"]
[BlackElo "2561"]
[TimeControl "180+1"]
[EndTime "13:41:34 PST"]
[Termination "GianmarcoVaR won on time"]

1. e4 c5 2. Nf3 d6 3. c3 Nf6 4. Bd3 Nc6 5. h3 d5 6. e5 Nd7 7. Qe2 e6 8. Bc2 b6 9. O-O Qc7 10. Re1 Be7 11. a3 a5 12. d4 Ba6 13. Qd1 O-O-O 14. b4 Kb8 15. Nbd2 Rc8 16. bxc5 bxc5 17. Ba4 Ka7 18. Nb3 Rb8 19. Be3 c4 20. Nc5 Nxc5 21. dxc5 Bb5 22. Nd4 Bxa4 23. Qxa4 Nxd4 24. Bxd4 Rb3 25.
c6+ Ka6 26. Rab1 Rhb8 27. Rxb3 Rxb3 28. Ra1 Rb5 29. Qc2 g6 30. Qe2 Qxc6 31. a4 Rb3 32.
Qf3 Qe8 33. g3 Rb7 34. h4 h5 35. Kg2 Bd8 36. Qe3 Bb6 37. Bxb6 Rxb6 38. Qc5 Qd7 39. Qf8 Qc7 40. Re1 Rb3 41. Re3 Rb2 42. Rf3 Rb7 43. Kh2 Qe7 44. Qc8 Ka7 45. Qc6 Qc7 46. Qe8 d4 47. cxd4 c3 48. Rxc3 Qxc3 49. Qd8 Qc7 50. Qf8 Rb2 51. Kg2 Qb7+ 0-1

[Event "*** Titled Tuesday Blitz"]
[Site "Chess.com"]
[Date "2020.03.03"]
[Round "4"]
[White "Hasangatin_Ramil"]
[Black "ElGasanov"]
[Result "1-0"]
[WhiteElo "2560"]
[BlackElo "2702"]
[TimeControl "180+1"]
[EndTime "13:41:37 PST"]
[Termination "Hasangatin_Ramil won by resignation"]

1. e4 Nc6 2. Bb5 Nf6 3. Bxc6 bxc6 4. d3 d6 5. f4 e6 6. Nf3 Be7 7. O-O c5 8. Kh1 O-O 9. Nbd2 Bb7 10. Qe2 Rb8 11.
b3 Bc6 12. Bb2 Qc8 13. Bc3 Qb7 14. Rae1 Rfe8 15. Nc4 d5 16. Na5 Qa6 17. Nxc6 Qxc6 18. Ne5 Qa6 19. Ng4 d4 20. Nxf6+ Bxf6 21. Bd2 Qxa2 22.
Rc1 a5 23. Qd1 a4 24. Ra1 Qb2 25.
Rxa4 Ra8 26. Qa1 Qxa1 27. Rfxa1 Rac8 28. Ra7 Be7 29. R1a6 Kf8 30. Rc6 Bd6 31. e5 Ra8 32. Rca6 Rxa7 33. Rxa7 Be7 34. g3 f6 35. exf6 gxf6 36. Kg2 Bd6 37. Kf3 f5 38. Ba5 Re7 39. h3 h5 40. Bd2 Kf7 41. Ra8 Kf6 42. Rf8+ Rf7 43. Rxf7+ Kxf7 44. g4 hxg4+ 45. hxg4 fxg4+ 46. Kxg4 Kg6 47. Be1 Kf6 48. Bh4+ Kg6 49. Bd8 c6 50. Bg5 Bf8 51. Bh4 Bd6 52. Bg3 Bf8 53. Bf2 Be7 54.
Be1 Bd6 55. Ba5 Bf8 56. Bc7 Be7 57. Be5 Bf8 58. Bc7 Be7 59. Bb6 Bd6 60. Bd8 Bf8 61. Bb6 Bd6 62. Bd8 Bf8 63. Bb6 1-0

[Event "*** Titled Tuesday Blitz"]
[Site "Chess.com"]
[Date "2020.03.03"]
[Round "4"]
[White "MartinCerveny"]
[Black "cherryandmint"]
[Result "1-0"]
[WhiteElo "2626"]
[BlackElo "2848"]
[TimeControl "180+1"]
[EndTime "13:41:38 PST"]
[Termination "MartinCerveny won by resignation"]

1. d4 Nf6 2. c4 e6 3. Nc3 Bb4 4. e3 O-O 5. Ne2 d5 6. a3 Be7 7. Ng3 c6 8. Bd2 Re8 9. c5 b6 10. b4 Ba6 11. Bxa6 Nxa6 12. O-O Nc7 13. f4 Qd7 14.
Nh5 Ne4 15. g4 Reb8 16. f5 Bg5 17. Qc2 Nxd2 18. Qxd2 bxc5 19. bxc5 Rb3 20. Qd3 Nb5 21. Rfc1 e5 22. Rab1 exd4 23. Rxb3 Bxe3+ 24. Kg2 Bxc1 25. Nxb5 cxb5 26. Qxd4 f6 27. Rb1 Bg5 28. Re1 Rc8 29. Re6 h6 30. Ng3 Kh7 31. Ne2 Qc7 32. c6 Rd8 33.
Ng1 Bf4 34. Nf3 a6 35. h4 Bd6 36. g5 Be7 37. g6+ Kg8 38. Qe3 Bf8 39. Nd4 Qb6 40.
Kf3 a5 41. a4 bxa4 42. Nc2 Qxe3+ 43. Nxe3 a3 44. Nc2 a2 45. c7 Rc8 46. Rc6 Bb4 47.
Ke3 Kf8 48. Kd4 Ke7 49. Kxd5 Kd7 50. Rc4 Rxc7 51. Rxc7+ Kxc7 52. Ke6 Bc3 53. Kf7 a1=Q 54. Nxa1 Bxa1 55. Kxg7 a4 56. Kh7 a3 57. g7 Be5 58.
g8=Q a2 59. Qxa2 1-0

[Event "*** Titled Tuesday Blitz"]
[Site "Chess.com"]
[Date "2020.03.03"]
[Round "4"]
[White "DACF2905"]
[Black "elohunter1999"]
[Result "0-1"]
[WhiteElo "2212"]
[BlackElo "2442"]
[TimeControl "180+1"]
[EndTime "13:41:38 PST"]
[Termination "elohunter1999 won by checkmate"]

1. c4 f5 2. b3 Nf6 3. Bb2 e6 4. g3 g6 5. Bg2 Bg7 6. Nf3 O-O 7. Nc3 d6 8. d3 Nc6 9. O-O Qe8 10. Rb1 a5 11. e4 e5 12. Re1 f4 13. h3 fxg3 14.
fxg3 Nh5 15. Kh2 Nd4 16. Nd5 Nxf3+ 17. Bxf3 c6 18. Nb6 Rb8 19. Nxc8 Rxc8 20. Bg4 Rc7 21. Rf1 Rcf7 22. Qe2 Nf6 23. Bf3 Nd7 24. Bg2 Nc5 25. Ba3 Bh6 26. Rxf7 Rxf7 27. Rf1 Qf8 28. Rf3 Rxf3 29.
Bxf3 Ne6 30. Bb2 Bc1 31. Bc3 b6 32. Bg4 Nd4 33. Bxd4 exd4 34. Qf3 Qe7 35. Qf1 Bg5 36. h4 Bf6 37. Kg2 h5 38. Bh3 Be5 39. Qf3 b5 40. Bc8 bxc4 41. bxc4 Qe8 42. Bh3 Qe7 43. Bc8 Kg7 44. Qf2 Qe8 45. Bh3 Qb8 46. Be6 Qb7 47. Kh3 a4 48. Qc2 a3 49. Qa4 Kf6 50. Bg8 Qd7+ 51.
Kg2 Qg4 52. Qxc6 Qxg3+ 53. Kf1 Qf3+ 54. Ke1 Qe3+ 55. Kf1 Qxd3+ 56. Kg2 Qe2+ 57. Kh3 Qf3# 0-1

[Event "*** Titled Tuesday Blitz"]
[Site "Chess.com"]
[Date "2020.03.03"]
[Round "4"]
[White "farzadbfd"]
[Black "TigrVShlyape"]
[Result "0-1"]
[WhiteElo "2618"]
[BlackElo "2887"]
[TimeControl "180+1"]
[EndTime "13:41:39 PST"]
[Termination "TigrVShlyape won by resignation"]

1. Nf3 Nf6 2. b3 d5 3. Bb2 c6 4. g3 Bf5 5. Bg2 e6 6. O-O Be7 7. d3 h6 8. Nbd2 Bh7 9. e3 a5 10. a3 Nbd7 11. Qe2 O-O 12. e4 Nc5 13. Ne5 Qb6 14.
Kh1 Rad8 15. Rad1 Qa6 16. Rfe1 dxe4 17. d4 Qxe2 18. Rxe2 Ncd7 19. Nxd7 Rxd7 20. Nxe4 Rfd8 21. c4 Nxe4 22. Bxe4 Bf6 23. Bxh7+ Kxh7 24. Red2 c5 25. Kg2 cxd4 26. f4 g5 27. Kf3 Bg7 28. Ke4 f5+ 29. Kd3 e5 30. fxe5 Bxe5 31. Re2 Bg7 32. Rde1 Rf8 33.
Re7 Rf7 34. Rxd7 Rxd7 35. Bc1 Bf6 36. Bd2 a4 37. bxa4 Kg6 38. a5 h5 39. Rb1 h4 40.
gxh4 gxh4 41. Rb6 Kf7 42. c5 h3 43. Bf4 Bd8 44. Rb5 Ke6 45. c6 bxc6 46. Re5+ Kf6 47.
Rc5 Kg6 48. Rxc6+ Kh5 49. a6 Rd5 50. a7 Ra5 51. Rc8 Rxa3+ 52. Kc4 Rc3+ 53. Kxd4 Rxc8 54. Bb8 Bb6+ 55. Ke5 Bxa7 56. Bxa7 Kg4 57. Bf2 Rc2 58.
Bg3 f4 59. Bxf4 Re2+ 0-1

[Event "*** Titled Tuesday Blitz"]
[Site "Chess.com"]
[Date "2020.03.03"]
[Round "4"]
[White "JozefKneht"]
[Black "Supernotar"]
[Result "0-1"]
[WhiteElo "2572"]
[BlackElo "2796"]
[TimeControl "180+1"]
[EndTime "13:41:41 PST"]
[Termination "Supernotar won by resignation"]

1. e4 c6 2. d4 d5 3. Nc3 dxe4 4. Nxe4 Bf5 5. Ng3 Bg6 6. h4 h6 7. Nf3 Nd7 8. h5 Bh7 9. Bd3 Bxd3 10. Qxd3 Ngf6 11.
Bf4 e6 12. O-O-O Be7 13. Ne4 Nxe4 14. Qxe4 Nf6 15. Qe2 Qd5 16. c4 Qe4 17. Qxe4 Nxe4 18. Be3 f5 19. Ne5 Bf6 20. Ng6 Rg8 21. Rh3 Kf7 22.
f3 Nd6 23. b3 Rad8 24. Kc2 Nc8 25. g4 Ne7 26. Ne5+ Bxe5 27. dxe5 Rxd1 28. Kxd1 Rd8+ 29. Kc2 b6 30. g5 hxg5 31. Bxg5 Rh8 32. f4 c5 33. Rd3 Nc6 34. Rd7+ Ke8 35. Rxg7 Rxh5 36. Rc7 Rh2+ 37. Kd1 Nd4 38. Rxa7 Rh1+ 39. Kd2 Rh2+ 40. Kd1 Rh1+ 41. Kd2 Rh2+ 42. Ke3 Rh3+ 43. Kf2 Rc3 44.
Kg2 Kf8 45. Ra6 Kf7 46. Rxb6 Kg6 47. a4 Kh5 48. a5 Kg4 49. a6 Rc2+ 50. Kf1 Kf3 51.
Ke1 Ke3 52. Kf1 Nf3 53. Bh4 Nxh4 54. a7 Nf3 0-1

[Event "*** Titled Tuesday Blitz"]
[Site "Chess.com"]
[Date "2020.03.03"]
[Round "4"]
[White "ChainsOfFantasia"]
[Black "SahajGrover"]
[Result "0-1"]
[WhiteElo "2545"]
[BlackElo "2720"]
[TimeControl "180+1"]
[EndTime "13:41:42 PST"]
[Termination "SahajGrover won on time"]

1. d4 d5 2. Nf3 Nf6 3. c4 e6 4. g3 Be7 5. Bg2 O-O 6. Nc3 dxc4 7. Ne5 c5 8. dxc5 Qxd1+ 9. Nxd1 Bxc5 10. O-O Nc6 11. Bxc6 bxc6 12. Be3 Be7 13. Nxc6 Bd6 14. Rc1 Ba6 15. Nxa7 Nd5 16. Nc6 Nxe3 17. Nxe3 Rfc8 18. Nd4 Be5 19. Rfd1 Rd8 20. Nc6 Rxd1+ 21. Nxd1 Bf6 22. Rc2 Kf8 23. Na5 Bb5 24. Nxc4 Rxa2 25. Nde3 Bc6 26. f3 Bd4 27. Kg2 Ke7 28. Ne5 Ba4 29.
Rc7+ Kd6 30. Rxf7 Kxe5 31. Ng4+ Kd6 32. e3 Rxb2+ 33. Kh3 Bc3 34. e4 h5 35. Ne3 Bb5 36. f4 Bd4 37. e5+ Kc6 38. Nd1 Rd2 39. Rxg7 Rxd1 40.
Kh4 Rh1 41. Kxh5 Rxh2+ 42. Kg6 Rg2 43. Kf6 Bc4 44. g4 Rf2 45. f5 Re2 0-1

[Event "*** Titled Tuesday Blitz"]
[Site "Chess.com"]
[Date "2020.03.03"]
[Round "4"]
[White "Ar4uha"]
[Black "MaxLeto"]
[Result "1-0"]
[WhiteElo "2583"]
[BlackElo "2405"]
[TimeControl "180+1"]
[EndTime "13:41:43 PST"]
[Termination "Ar4uha won by checkmate"]

1. e4 c5 2. Nf3 d6 3. Bb5+ Bd7 4.
Bxd7+ Qxd7 5. O-O Nf6 6. e5 dxe5 7. Nxe5 Qc7 8. d4 Nbd7 9. Bf4 Qb6 10. Nxd7 Nxd7 11.
d5 g6 12. Nd2 Bg7 13. Nc4 Qa6 14. b3 O-O 15. a4 Rfe8 16. Re1 Rad8 17. Rb1 Nf6 18. Ne3 e6 19. c4 exd5 20. Nxd5 Rxe1+ 21. Qxe1 Nxd5 22. cxd5 Qd3 23. d6 Bc3 24. Qc1 b6 25.
Bg3 f6 26. h3 Be5 27. Bxe5 fxe5 28. Qg5 Qxd6 29. Re1 Re8 30. h4 Qe7 31. Qg4 Qe6 32.
Qg3 e4 33. h5 Kg7 34. Qg5 Qe5 35. h6+ Kg8 36. Qd2 Qd4 37. Qf4 Qe5 38. Qg4 Qe6 39. Qh4 Qe7 40. Qh3 Qe6 41. Qc3 Qe5 42. Qc4+ Qe6 43. Rxe4 Qxc4 44. Rxe8+ Kf7 45. bxc4 Kxe8 46. f4 g5 47. f5 g4 48. Kf2 Kf7 49. Kg3 Kf6 50.
Kxg4 a6 51. Kf4 b5 52. axb5 axb5 53. cxb5 c4 54. b6 c3 55. Ke3 c2 56. Kd2 c1=Q+ 57. Kxc1 Kg5 58. b7 Kxh6 59. b8=Q Kg5 60. Qe5 h5 61.
f6+ Kh4 62. Qf4# 1-0

[Event "*** Titled Tuesday Blitz"]
[Site "Chess.com"]
[Date "2020.03.03"]
[Round "4"]
[White "IMTominho"]
[Black "Shant_Sargsyan"]
[Result "1-0"]
[WhiteElo "2832"]
[BlackElo "2989"]
[TimeControl "180+1"]
[EndTime "13:41:44 PST"]
[Termination "IMTominho won by checkmate"]

1. d4 Nf6 2. c4 e6 3. Nf3 d5 4. Nc3 Bb4 5. Bg5 dxc4 6. e3 b5 7. a4 c6 8. Nd2 Bb7 9. Be2 a6 10. O-O Nbd7 11. Nde4 Be7 12. Nxf6+ Nxf6 13. Bf3 Rb8 14.
axb5 axb5 15. Bf4 Bd6 16. Bg5 O-O 17. b3 cxb3 18. Qxb3 h6 19. Bh4 Be7 20. Rfc1 Qd7 21. Ra7 Nd5 22. Bxe7 Qxe7 23. Ne4 Ra8 24. Rca1 Rxa7 25.
Rxa7 Ra8 26. Rxa8+ Bxa8 27. Nc5 Qa7 28. g3 Bb7 29. Qb1 Bc8 30. Kg2 e5 31. Bxd5 cxd5 32.
Qxb5 exd4 33. Qe8+ Kh7 34. Qxc8 dxe3 35. fxe3 Qa2+ 36.
Kh3 Qf2 37. e4 Qf1+ 38. Kg4 g6 39. Qd7 dxe4 40. Nxe4 Qe2+ 41. Kf4 Qf1+ 42. Ke5 Qa1+ 43.
Qd4 Qa5+ 44. Kd6 Qd8+ 45. Kc5 Qa5+ 46. Kc4 Qa4+ 47. Kd5 Qd7+ 48. Nd6 Qe6+ 49. Kc5 h5 50. Qd5 Qe3+ 51. Kc6 Qc3+ 52. Kd7 f5 53. Ne8 Kh6 54. Ke6 Qc8+ 55. Kf7 Qc3 56. Qe6 Qc5 57. Qxg6# 1-0

[Event "*** Titled Tuesday Blitz"]
[Site "Chess.com"]
[Date "2020.03.03"]
[Round "4"]
[White "Benjoneliere44"]
[Black "Sibelephant"]
[Result "0-1"]
[WhiteElo "2632"]
[BlackElo "3026"]
[TimeControl "180+1"]
[EndTime "13:41:46 PST"]
[Termination "Sibelephant won by checkmate"]

1. d4 Nf6 2. Bf4 g6 3. Nc3 d5 4.
e3 Bg7 5. Nb5 Na6 6. Nf3 O-O 7.
Be2 c6 8. Nc3 b6 9. h4 c5 10.
Ne5 Nc7 11. h5 Ne6 12. hxg6 hxg6 13. Bg3 Bb7 14. Bg4 Ng5 15. Bh4 Nge4 16. Qf3 cxd4 17.
exd4 Nxg4 18. Qxg4 Qc8 19. Qxc8 Raxc8 20. Nxe4 dxe4 21. O-O-O Rfe8 22. Rhe1 g5 23. Bg3 f6 24. Ng4 f5 25. Ne5 f4 26. Bh2 Bxe5 27. dxe5 Kf7 28. g3 Rh8 29. Bg1 Ke6 30. gxf4 gxf4 31. Rd4 Rh1 32. f3 e3 33. Rxf4 Rg8 34. Rg4 Rxg4 35. fxg4 Bf3 36. g5 Kf5 37. b3 e2 38. Kd2 Rh4 39. Be3 Re4 40. Rg1 Kg6 41. Bf2 Rxe5 42. Rg3 Rd5+ 43. Ke3 Bh5 44. Be1 Rd1 45. Kf2 Rd5 46.
Rc3 Rf5+ 47. Ke3 Rxg5 48. Rc7 Re5+ 49. Kd2 Rd5+ 50. Ke3 e5 51. Rxa7 Kf5 52. a4 Rd1 53. Kf2 e4 54. Re7 Kf4 55. Bb4 Rf1+ 56. Kg2 Bf3+ 57.
Kh2 Rh1# 0-1

[Event "*** Titled Tuesday Blitz"]
[Site "Chess.com"]
[Date "2020.03.03"]
[Round "4"]
[White "Volodar_Murzin"]
[Black "enriquetejedor"]
[Result "0-1"]
[WhiteElo "2686"]
[BlackElo "2555"]
[TimeControl "180+1"]
[EndTime "13:41:46 PST"]
[Termination "enriquetejedor won on time"]

1. Nf3 d5 2. g3 Bg4 3. Bg2 Nd7 4. O-O c6 5. d3 e5 6. Nbd2 Ngf6 7. e4 Bd6 8. Qe1 O-O 9. h3 Bh5 10. Nh4 Re8 11.
Nf5 Bf8 12. a4 a5 13. Nb3 Bg6 14. Be3 Qc7 15. Nh4 Bh5 16. g4 Bg6 17. Nxg6 hxg6 18. Qe2 d4 19. Bd2 Bb4 20. Bc1 Bd6 21. Nd2 b5 22. h4 Nb6 23. b3 bxa4 24. bxa4 Nfd7 25. g5 Nc5 26. h5 gxh5 27. Qxh5 g6 28. Qh4 Ncxa4 29. Bf3 Nc3 30. Kg2 Kf8 31. Bg4 Ke7 32. f4 exf4 33. Nf3 Rh8 34. Qf2 Nd7 35. Qxd4 Ne2 36. Qf2 Nxc1 37. Rfxc1 Ne5 38. Nxe5 Bxe5 39. d4 f3+ 40. Kxf3 Rh2 41. Qg1 Bf4 42. e5 Bxc1 43.
Qxh2 Bxg5 44. Rg1 Qb6 45. Ke4 Qb5 46. Qh7 Qd5+ 47. Kd3 Qb5+ 48. Ke4 Rd8 49. c3 Qd5+ 50. Kd3 Qxe5 51. Rf1 Qe3+ 52. Kc4 Rf8 0-1

[Event "*** Titled Tuesday Blitz"]
[Site "Chess.com"]
[Date "2020.03.03"]
[Round "4"]
[White "iturrizaga"]
[Black "Bulldog167"]
[Result "0-1"]
[WhiteElo "2930"]
[BlackElo "2768"]
[TimeControl "180+1"]
[EndTime "13:41:47 PST"]
[Termination "Bulldog167 won on time"]

1. c4 e5 2. Nc3 Nc6 3. g3 g6 4. Bg2 Bg7 5. e3 d6 6. Nge2 Nge7 7. d3 O-O 8. O-O Bg4 9. h3 Be6 10. Nd5 Qd7 11. Kh2 Rae8 12. Rb1 Nc8 13. b4 Nd8 14. b5 c6 15. bxc6 bxc6 16. Ndc3 f5 17. Qa4 e4 18. dxe4 Nb6 19. Qc2 Bxc4 20. exf5 Qxf5 21.
e4 Qf7 22. Bf4 Bxc3 23. Nxc3 Bxf1 24. Rxf1 Qe7 25. Rd1 Nc4 26. Qb3 Qe6 27. h4 Ne5 28.
Rxd6 Qxb3 29. axb3 Ng4+ 30. Kg1 Ne6 31. Bh3 h5 32.
Bxg4 hxg4 33. Be3 Kf7 34. e5 Rd8 35. Rxc6 Rc8 36. Rxc8 Rxc8 37. Ne4 Rb8 38. Bxa7 Rxb3 39. Be3 Rb4 40. Nf6 Nd4 41. Kg2 Nf5 42. Bg5 Ke6 43.
Bd2 Ra4 44. Bc3 Rc4 45. Bb2 Rb4 46. Ba1 Ra4 47. Bc3 Ne7 48. Nh7 Nd5 49. Bb2 Ra2 50. Bd4 Rd2 51. Ng5+ Kf5 52. Ba1 Ne3+ 0-1

[Event "*** Titled Tuesday Blitz"]
[Site "Chess.com"]
[Date "2020.03.03"]
[Round "4"]
[White "nocnypako"]
[Black "Koksik_13"]
[Result "1-0"]
[WhiteElo "2582"]
[BlackElo "2728"]
[TimeControl "180+1"]
[EndTime "13:41:47 PST"]
[Termination "nocnypako won by resignation"]

1. d4 e6 2. c4 d5 3. Nc3 a6 4. cxd5 exd5 5. Bf4 c6 6. e3 Bd6 7. Bxd6 Qxd6 8. Nf3 Nf6 9. Bd3 Nbd7 10. O-O O-O 11. h3 Re8 12. Rb1 Nf8 13. Qc2 Ng6 14.
b4 Qe7 15. a4 Ne4 16. Bxe4 dxe4 17. Nd2 Bf5 18. Nc4 Nh4 19. Ne2 h5 20. Ng3 Qg5 21. Nd6 Bg6 22. Nxe8 Rxe8 23. Qc5 f5 24. Qd6 Bf7 25.
b5 Ng6 26. bxc6 bxc6 27. Rb8 Rxb8 28. Qxb8+ Kh7 29. Qc7 Kg8 30. Rb1 h4 31. Rb8+ Kh7 32. Ne2 Bc4 33. Nf4 Nxf4 34. Qxf4 Qh5 35. Rb7 Bf1 36.
Qe5 Qg5 37. Qxg7+ Qxg7 38. Rxg7+ Kxg7 39. Kxf1 Kf6 40. g3 Kg5 41. Ke2 Kf6 42. Kd2 Ke6 43.
Kc3 Kd5 44. gxh4 Ke6 45. Kc4 Kf6 46. Kc5 f4 47. exf4 Kf5 48. Kxc6 Kxf4 49. d5 Kf3 50.
d6 e3 51. fxe3 1-0

[Event "*** Titled Tuesday Blitz"]
[Site "Chess.com"]
[Date "2020.03.03"]
[Round "4"]
[White "chessdjw"]
[Black "rubhani"]
[Result "1/2-1/2"]
[WhiteElo "2625"]
[BlackElo "2447"]
[TimeControl "180+1"]
[EndTime "13:41:49 PST"]
[Termination "Game drawn - insufficient material"]

1. d4 Nf6 2. c4 e6 3. g3 d5 4. Bg2 c6 5. Nf3 Nbd7 6. Nbd2 Be7 7. O-O O-O 8. Qc2 b6 9. e4 Ba6 10. b3 Rc8 11. Bb2 c5 12. exd5 exd5 13. Qf5 dxc4 14.
Nxc4 Bxc4 15. bxc4 cxd4 16. Nxd4 Rc5 17. Qh3 Qc8 18.
Nf5 Re8 19. Nxe7+ Rxe7 20. Ba3 Rh5 21. Qxh5 Nxh5 22. Bxe7 Nhf6 23. Rfe1 h6 24. Rac1 Qa6 25. Rc2 Qa4 26. Ree2 Qa5 27. h3 Qf5 28. Rcd2 Ne5 29. Rd8+ Kh7 30. Bxf6 Qxf6 31. Be4+ g6 32. Rc8 Nf3+ 33. Bxf3 Qxf3 34. Re7 Kg7 35. Rxa7 Qd1+ 36. Kg2 Qd3 37. Rcc7 Qe4+ 38. Kh2 Kg8 39. Rxf7 Qxc4 40. Rg7+ Kf8 41. Raf7+ Ke8 42. Rc7 Qe6 43. Rge7+ Qxe7 44. Rxe7+ Kxe7 45. Kg2 Kf6 46. Kf3 Kf5 47. g4+ Ke5 48.
Ke3 g5 49. f3 b5 50. a3 Kd5 51. f4 gxf4+ 52. Kxf4 Kc4 53. g5 hxg5+ 54. Kxg5 Kb3 55. h4 Kxa3 56. h5 b4 57. h6 b3 58. h7 b2 59.
h8=Q b1=Q 60. Qa8+ Kb2 61. Qb7+ Ka1 62. Qa6+ Kb2 63.
Qb5+ Kc1 64. Qf1+ Kb2 65. Qb5+ Kc1 66. Qc4+ Qc2 67. Qxc2+ Kxc2 1/2-1/2

[Event "*** Titled Tuesday Blitz"]
[Site "Chess.com"]
[Date "2020.03.03"]
[Round "4"]
[White "NuidisVulko"]
[Black "czasnaszachy"]
[Result "0-1"]
[WhiteElo "2400"]
[BlackElo "2278"]
[TimeControl "180+1"]
[EndTime "13:41:50 PST"]
[Termination "czasnaszachy won on time"]

1. e4 c5 2. Nf3 d6 3. c3 Nf6 4. h3 g6 5. Bd3 Bg7 6. Bc2 O-O 7. O-O Nc6 8. d4 cxd4 9. cxd4 d5 10. e5 Ne4 11. Nc3 Nxc3 12. bxc3 f6 13. exf6 Rxf6 14. Re1 Bf5 15. Bg5 Bxc2 16. Qxc2 Rxf3 17. gxf3 Qd7 18.
Kg2 Rf8 19. Re3 Rf5 20. f4 Bf6 21. Rg3 Qe6 22. Bxf6 Qxf6 23. Re1 Rxf4 24. Qe2 Kf7 25. Qe3 e6 26. Re2 g5 27. Qd3 Qf5 28. Qb5 Ne7 29.
Qxb7 h5 30. Qc7 h4 31. Rge3 g4 32. Qe5 gxh3+ 33. Kf1 h2 34. Qxf5+ Nxf5 35. Rh3 h1=Q+ 36. Rxh1 Ng3+ 37. Kg2 Nxe2 38. Rb1 Nxc3 39. Rb7+ Kf6 40. Rxa7 Ne4 41. f3 Ng5 42. Ra8 h3+ 43. Kh2 Rxf3 44. a4 Kf5 45. a5 Rf2+ 46. Kg3 Rg2+ 47. Kh4 h2 48. Rf8+ Ke4 49. Rf1 Rg1 0-1